 Dungeon Crawl Stone Soup version 0.29.1-1-gd02db6906a (webtiles) character file.

Game seed: 17520665982171725699

1433 FastidiousMonk the Poker (level 8, -3/67 HPs)
             Began as a Gnoll Cinder Acolyte on Sept 24, 2022.
             Was a High Priest of Ignis.
             Slain by a necrophage (5 damage)
             ... on level 5 of the Dungeon on Sept 25, 2022.
             The game lasted 02:32:27 (10057 turns).

FastidiousMonk the Poker (Gnoll Cinder Acolyte)    Turns: 10057, Time: 02:32:27

Health: -3/67      AC: 16    Str: 15    XL:     8   Next: 73%
Magic:  15/15      EV: 12    Int: 14    God:    Ignis [*****.]
Gold:   277        SH:  5    Dex:  8    Spells: 16/16 levels left

rFire   + . .      SeeInvis .   A - staff of poison
rCold   . . .      Faith    .   (no shield)
rNeg    . . .      Spirit   .   t - +0 steam dragon scales
rPois   +          Reflect  +   g - +0 helmet
rElec   .          Harm     .   (no cloak)
rCorr   .          Rampage  .   (no gloves)
Will    .....                   b - +1 pair of boots
Stlth   ++........              j - amulet of reflection
HPRegen 0.21/turn               (no ring)
MPRegen 0.14/turn               (no ring)

@: about to teleport, fiery-armoured
A: fangs 1, strong nose, distributed training
a: Renounce Religion, Fiery Armour, Foxfire Swarm, Rising Flame


You were on level 5 of the Dungeon.
You worshipped Ignis.
Ignis was extremely pleased with you.
You visited 2 branches of the dungeon, and saw 7 of its levels.

You collected 277 gold pieces.

Inventory:

Hand Weapons
 a - a +0 spear of flaming
 u - a +0 flail
 E - a +0 sling
Missiles
 e - 2 javelins
 h - 6 boomerangs (quivered)
 k - 26 stones
 m - 5 poisoned darts
 y - a throwing net
Armour
 b - a +1 pair of boots (worn)
 g - a +0 helmet (worn)
 l - a +2 leather armour of positive energy
 o - a +0 ring mail
 t - +0 steam dragon scales (worn)
 w - a +0 chain mail
 x - a +0 scale mail
Magical Staves
 A - a staff of poison (weapon)
Jewellery
 j - an amulet of reflection (around neck)
 v - an amulet of reflection
Scrolls
 f - 2 scrolls of noise
 i - 2 scrolls of enchant weapon
 p - 3 scrolls of teleportation
 r - 3 scrolls of enchant armour
 D - 2 scrolls of identify
Potions
 c - a potion of magic {unknown}
 n - a potion of cancellation
 q - a potion of berserk rage {unknown}
 s - a potion of resistance {unknown}
 z - a potion of might {unknown}
 B - a potion of ambrosia
 C - a potion of attraction {unknown}


   Skills:
 + Level 7.6 Fighting
 + Level 3.6 Short Blades
 + Level 3.6 Long Blades
 + Level 3.6 Axes
 + Level 3.6 Maces & Flails
 + Level 7.6 Polearms
 + Level 3.6 Staves
 + Level 3.6 Ranged Weapons
 + Level 3.6 Throwing
 + Level 3.6 Armour
 + Level 3.6 Dodging
 + Level 3.6 Stealth
 + Level 3.6 Shields
 + Level 3.6 Unarmed Combat
 + Level 4.7 Spellcasting
 + Level 3.0 Conjurations
 + Level 3.0 Hexes
 + Level 3.0 Summonings
 + Level 3.0 Necromancy
 + Level 3.0 Translocations
 + Level 3.0 Transmutations
 + Level 6.3 Fire Magic
 + Level 3.0 Ice Magic
 + Level 3.0 Air Magic
 + Level 3.0 Earth Magic
 + Level 3.0 Poison Magic
 + Level 4.0 Invocations
 + Level 3.6 Evocations


You had 16 spell levels left.
You didn't know any spells.
Your spell library contained the following spells:

 Spells                   Type           Power      Damage    Failure   Level
 Scorch                   Fire           40%        2d7       1%          2
 Necrotise                Necr           44%        1d6       5%          1
 Summon Small Mammal      Summ           44%        N/A       5%          1
 Sublimation of Blood     Necr           11%        N/A       8%          2
 Wereblood                Tmut           11%        N/A       8%          2
 Call Canine Familiar     Summ           11%        N/A       16%         3
 Ozocubu's Armour         Ice            11%        N/A       16%         3
 Summon Guardian Golem    Hex/Summ       11%        N/A       16%         3
 Vampiric Draining        Necr           11%        2d6       16%         3
 Agony                    Necr           11%        N/A       82%         5
 Ozocubu's Refrigeration  Ice            5%         4d8       100%        7
 Summon Hydra             Summ           5%         N/A       100%        7


Dungeon Overview and Level Annotations

Branches:
Dungeon (6/15)             Temple (1/1) D:5

Altars:
Ashenzari
Cheibriados
Dithmenos
Elyvilon
Fedhas
Gozag
Hepliaklqana
Kikubaaqudgha
Nemelex Xobeh
Okawaru
Qazlal
Ru
Sif Muna
Trog
Uskayaw
Wu Jian
Xom
Yredelemnul
The Shining One

Annotations:
D:5 2 transporters, Darkkill's ghost, novice MiCK


Innate Abilities, Weirdness & Mutations

You have very sharp teeth.
Your uncanny sense of smell can sniff out nearby items.
Your experience applies equally to all skills.


Message History

The vampire barely misses you.
The vampire bites you but does no damage.
You climb upwards.
Level annotation: 2 transporters, Darkkill's ghost, novice MiCK
There is a stone staircase leading down, spattered with blood here.
Okay, then.
As you read the scroll of teleportation, it crumbles to dust.
You feel strangely unstable.
The necrophage hits you but does no damage.
The vampire hits you.
* * * LOW HITPOINT WARNING * * *
The vampire bites you.
* * * LOW HITPOINT WARNING * * *
The vampire draws strength from your injuries!
Press: ? - help, . - travel You can't see that place. [the floor.]
There are monsters nearby!
Unknown command.
Unknown command.
A protective cloak of flame settles atop you.
The two-headed ogre closely misses you.
The two-headed ogre hits you but does no damage.
The two-headed ogre is burned by your cloak of flames.
The two-headed ogre is lightly wounded.
The necrophage closely misses you.
The vampire hits you but does no damage.
The vampire barely misses you.
You hit the necrophage. You bite the necrophage.
The necrophage is lightly damaged.
The two-headed ogre hits you with a +0 giant spiked club!
* * * LOW HITPOINT WARNING * * *
The two-headed ogre is burned by your cloak of flames.
The two-headed ogre is lightly wounded.
The two-headed ogre misses you. The necrophage misses you.
The vampire closely misses you. The vampire misses you.
You hit the two-headed ogre.
The two-headed ogre is moderately wounded.
The necrophage hits you.
You die...

#.≈........≈≈######
#..≈##########....#
#.#########.......#
#.................#
##....#############
#....####8###_###
#....##8...8...8###
#....##O........#####
##....#@V........8#..###
#.....##n........##.....
#.....##8...8...8##....#
##..##.####8###_####....#
##...################....#
#######...###..................#
#....#...###............########
##.♣♣.#..####.#.........##
#.............#.........#


You could see a two-headed ogre, a vampire and a necrophage.

Vanquished Creatures
  A steam dragon (D:6)
  2 black bears
  2 ogres
  3 phantoms
  A scorpion (D:4)
  A necrophage (D:4)
  2 jellies
  3 hounds
  A gnoll bouda (D:4)
  5 orc wizards
  7 gnolls
  13 adders
  A white imp (D:6)
  An ufetubus (D:5)
  2 worms
  A dart slug (D:3)
  14 orcs
  2 endoplasms
  5 giant cockroaches
  6 goblins
  7 hobgoblins
  9 jackals
  12 kobolds
  2 quokkas
  8 ball pythons
  4 bats
  2 frilled lizards
  4 rats
121 creatures vanquished.

Vanquished Creatures (others)
  2 adders (D:6)
  A fungus (D:2)
  2 plants (D:2)
5 creatures vanquished.

Grand Total: 126 creatures vanquished

Notes
Turn   | Place    | Note
-------+----------+-------------------------------------------
     0 | D:1      | FastidiousMonk the Gnoll Cinder Acolyte began the quest for
                  | the Orb.
     0 | D:1      | Reached XP level 1. HP: 23/23 MP: 4/4
   351 | D:1      | Reached XP level 2. HP: 20/29 MP: 5/5
  1165 | D:1      | Reached XP level 3. HP: 35/35 MP: 7/7
  1344 | D:1      | Reached skill level 1 in Invocations
  1644 | D:2      | Reached skill level 1 in Short Blades
  1644 | D:2      | Reached skill level 1 in Long Blades
  1644 | D:2      | Reached skill level 1 in Axes
  1644 | D:2      | Reached skill level 1 in Maces & Flails
  1644 | D:2      | Reached skill level 1 in Staves
  1644 | D:2      | Reached skill level 1 in Ranged Weapons
  1644 | D:2      | Reached skill level 1 in Throwing
  1644 | D:2      | Reached skill level 1 in Armour
  1644 | D:2      | Reached skill level 1 in Dodging
  1644 | D:2      | Reached skill level 1 in Stealth
  1644 | D:2      | Reached skill level 1 in Shields
  1644 | D:2      | Reached skill level 1 in Unarmed Combat
  1644 | D:2      | Reached skill level 1 in Evocations
  1719 | D:2      | Reached XP level 4. HP: 14/41 MP: 8/8
  2201 | D:2      | Found a blossoming altar of Fedhas.
  2466 | D:2      | Found a faded altar of an unknown god.
  2770 | D:3      | Noticed an earth elemental
  2771 | D:3      | Found a stormy altar of Qazlal.
  2772 | D:3      | You fall into a shaft and drop 1 floor!
  2808 | D:4      | Reached skill level 1 in Conjurations
  2808 | D:4      | Reached skill level 1 in Hexes
  2808 | D:4      | Reached skill level 1 in Summonings
  2808 | D:4      | Reached skill level 1 in Necromancy
  2808 | D:4      | Reached skill level 1 in Translocations
  2808 | D:4      | Reached skill level 1 in Transmutations
  2808 | D:4      | Reached skill level 1 in Ice Magic
  2808 | D:4      | Reached skill level 1 in Air Magic
  2808 | D:4      | Reached skill level 1 in Earth Magic
  2808 | D:4      | Reached skill level 1 in Poison Magic
  2858 | D:4      | Noticed a phantom
  2872 | D:4      | Killed a phantom
  2873 | D:4      | Reached XP level 5. HP: 44/47 MP: 9/9
  3273 | D:4      | Reached XP level 6. HP: 28/53 MP: 11/11
  3819 | D:3      | Noticed a water elemental
  3819 | D:3      | Noticed an air elemental
  3819 | D:3      | Noticed a fire elemental
  4097 | D:3      | Found a shimmering altar of Xom.
  5788 | D:4      | Found a broken altar of Ashenzari.
  6015 | D:4      | Reached XP level 7. HP: 35/60 MP: 12/12
  6232 | D:5      | Entered Level 5 of the Dungeon
  6597 | D:5      | Noticed Darkkill's ghost (novice MiCK)
  6604 | D:5      | Found a transporter.
  6805 | D:5      | Found a transporter.
  7458 | D:5      | Reached XP level 8. HP: 67/67 MP: 14/14
  7576 | D:5      | Found a sacrificial altar of Ru.
  7669 | D:5      | Found a white marble altar of Elyvilon.
  7673 | D:5      | Found a hazy altar of Hepliaklqana.
  7752 | D:5      | Found a staircase to the Ecumenical Temple.
  8151 | Temple   | Entered the Ecumenical Temple
  8858 | D:6      | Noticed a vampire
  9661 | D:6      | Noticed a two-headed ogre
 10056 | D:5      | HP: 2/67 [two-headed ogre/+0 giant spiked club (15)]
 10057 | D:5      | Slain by a necrophage

Illustrated notes

Levels and vault maps discovered:
D:1:      dpeg_arrival_court, layout_basic
D:2:      layout_rooms, dreamdust_ecumenical_altar_grove, basic_altar,
          minmay_surrounded
D:3:      layout_basic, nicolae_qazlal_style_of_elements,
          mainiacjoe_overflow_catwalk, minmay_misc_feat_four_crosses,
          nrook_campfire, minmay_snake_closets
D:4:      minmay_inner_zag, layout_loops_ring, mainiacjoe_overflow_tiny_flanked,
          uniq_edmund
D:5:      layout_rooms, nicolae_ru_path_of_blood,
          nicolae_overflow_hidden_temple, minmay_temple_entry_grid,
          gammafunk_ghost_hive, minmay_misc_feat_columns,
          hangedman_abyss_or_decor_passed, kennysheep_pointless_box,
          chequers_mini_garden
D:6:      layout_loops_cross, skrybe_limestone_x, grunt_decor_mini_mirrors,
          grunt_ministairs_2
Temple:   hellmonk_temple_forest_ring

Skill      XL: |  1  2  3  4  5  6  7  8 |
---------------+-------------------------+-----
Invocations    | 1 2 3 4 |  4.0
Short Blades   | 1 2 3 |  3.6
Long Blades    | 1 2 3 |  3.6
Axes           | 1 2 3 |  3.6
Maces & Flails | 1 2 3 |  3.6
Staves         | 1 2 3 |  3.6
Ranged Weapons | 1 2 3 |  3.6
Throwing       | 1 2 3 |  3.6
Armour         | 1 2 3 |  3.6
Dodging        | 1 2 3 |  3.6
Stealth        | 1 2 3 |  3.6
Shields        | 1 2 3 |  3.6
Unarmed Combat | 1 2 3 |  3.6
Evocations     | 1 2 3 |  3.6
Spellcasting   | 3 4 |  4.7
Conjurations   | 1 2 3 |  3.0
Hexes          | 1 2 3 |  3.0
Summonings     | 1 2 3 |  3.0
Necromancy     | 1 2 3 |  3.0
Translocations | 1 2 3 |  3.0
Transmutations | 1 2 3 |  3.0
Ice Magic      | 1 2 3 |  3.0
Air Magic      | 1 2 3 |  3.0
Earth Magic    | 1 2 3 |  3.0
Poison Magic   | 1 2 3 |  3.0
Fighting       | 7 |  7.6
Polearms       | 7 |  7.6
Fire Magic     | 6 |  6.3

Action                   |  1- 3 |  4- 6 |  7- 9 || total
-------------------------+-------+-------+-------++-------
Melee: Spear             |   140 |   291 |    97 ||   528
       Bite              |    10 |    35 |    24 ||    69
       Punch             |     2 |     5 |     5 ||    12
       Staff             |       |       |   130 ||   130
Throw: Dart              |       |     3 |       ||     3
       Boomerang         |       |     1 |     9 ||    10
       Stone             |       |       |     4 ||     4
Invok: Fiery Armour      |       |     1 |     2 ||     3
Evoke: Wand              |       |       |     9 ||     9
  Use: Scroll            |     2 |     7 |     3 ||    12
       Potion            |     1 |       |     2 ||     3
 Stab: Sleeping          |       |     3 |       ||     3
Armor: Robe              |    21 |     1 |       ||    22
       Ring mail         |       |    38 |       ||    38
       Leather armour    |       |    40 |    57 ||    97
       Steam dragon scal |       |       |    38 ||    38
       Skin              |       |       |     2 ||     2
Dodge: Dodged            |    56 |    84 |   138 ||   278
Block: Other             |       |    39 |    58 ||    97
       Reflection        |       |     1 |     2 ||     3
